 Dungeon Crawl Stone Soup version 0.28.0 (webtiles) character file.

Game seed: 9088278552908473162

24 bromine the Grave Robber (level 2, 0/24 HPs)
             Began as a Troll Necromancer on Feb 10, 2022.
             Succumbed to a kobold's poison
             ... on level 2 of the Dungeon.
             The game lasted 00:06:06 (1510 turns).

bromine the Grave Robber (Troll Necromancer)        Turns: 1510, Time: 00:06:06

Health: 0/24       AC:  4    Str: 15    XL:     2   Next: 79%
Magic:  3/3        EV: 10    Int: 11    God:
Gold:   17         SH:  0    Dex: 10    Spells: 1/3 levels left

rFire   . . .      SeeInvis .   f - staff of death
rCold   . . .      Faith    .   (no shield)
rNeg    + . .      Spirit   .   a - +0 robe
rPois   .          Reflect  .   (helmet restricted)
rElec   .          Harm     .   (no cloak)
rCorr   .          Rampage  .   (gloves unavailable)
Will    .....                   (boots unavailable)
Stlth   +.........              (no amulet)
HPRegen 0.88/turn               (no ring)
MPRegen 0.08/turn               (no ring)

@: lethally poisoned (0 -> -22)
A: large, unfitting armour, claws 3, regeneration 1, shaggy fur 1, tough skin 1
a: no special abilities


You were on level 2 of the Dungeon.
You visited 1 branch of the dungeon, and saw 2 of its levels.

You collected 17 gold pieces.

Inventory:

Hand Weapons
 d - a +0 hand axe
 e - a +0 spear
Armour
 a - a +0 robe (worn)
Magical Staves
 c - a staff of cold
 f - a staff of death (weapon)
Scrolls
 b - a scroll of fear {unknown}


   Skills:
 + Level 0.1 Fighting
 + Level 0.2 Axes
 + Level 0.1 Staves
 + Level 1.9 Dodging
 + Level 1.0 Stealth
 + Level 0.1 Unarmed Combat
 + Level 1.3 Spellcasting
 + Level 3.6 Necromancy


You had one spell level left.
You knew the following spells:

 Your Spells              Type           Power      Damage    Failure   Level
a - Pain                  Necr           52%        1d6       7%          1
b - Animate Skeleton      Necr           26%        N/A       7%          1

Your spell library contained the following spells:

 Spells                   Type           Power      Damage    Failure   Level
 Vampiric Draining        Necr           13%        2d6       21%         3
 Animate Dead             Necr           6%         N/A       56%         4
 Agony                    Necr           13%        N/A       88%         5


Dungeon Overview and Level Annotations

Branches:
Dungeon (2/15)

Altars:


Innate Abilities, Weirdness & Mutations

You are too large for most types of armour.
You have claws for hands.
Your natural rate of healing is unusually fast.
You are covered in fur. (AC +1)
You have tough skin. (AC +1)


Message History

Done exploring.
There is a stone staircase leading down here.
You climb downwards.
There is a stone staircase leading up here.
Found a stone staircase leading up.
You open the door.
There is an open door here.
A kobold comes into view. It is wielding a +4 dagger of venom.
The kobold shouts!
The kobold barely misses you.
You hit the kobold.
The kobold is moderately wounded.
The kobold hits you but does no damage.
You hit the kobold but do no damage.
The kobold is moderately wounded.
The kobold hits you but does no damage.
You are poisoned.
You hit the kobold but do no damage.
The kobold is moderately wounded.
You feel very sick. The kobold closely misses you.
You hit the kobold but do no damage.
The kobold is moderately wounded.
You feel sick.
The kobold hits you with a +4 dagger of venom.
You hit the kobold.
The kobold is severely wounded.
You feel sick. The kobold hits you but does no damage.
You are more poisoned.
The kobold hits you with a +4 dagger of venom.
You are more poisoned.
You miss the kobold.
The kobold is severely wounded.
You feel very sick.
The kobold hits you with a +4 dagger of venom.
* * * LOW HITPOINT WARNING * * *
You are more poisoned.
You hit the kobold but do no damage.
The kobold is severely wounded.
You die...

##+##
##...##
##.....##
##.......##
#.....K...#
+.....@...+
#.........#
##.......##
##.....##
##...##
##'## #.###
#.#<##
###....##


You could see a kobold.

Vanquished Creatures
  An endoplasm (D:1)
  A giant cockroach (D:1)
  A goblin (D:1)
  2 hobgoblins (D:1)
  4 jackals (D:1)
  2 kobolds (D:1)
  A quokka (D:1)
  2 ball pythons (D:1)
  3 bats (D:1)
  3 frilled lizards (D:1)
  2 rats (D:1)
22 creatures vanquished.

Notes
Turn   | Place    | Note
-------+----------+-------------------------------------------
     0 | D:1      | bromine the Troll Necromancer began the quest for the Orb.
     0 | D:1      | Reached XP level 1. HP: 16/16 MP: 1/1
   380 | D:1      | Reached XP level 2. HP: 20/24 MP: 3/3
   486 | D:1      | Learned a level 1 spell: Animate Skeleton
  1183 | D:1      | Found a faded altar of an unknown god.
  1510 | D:2      | Succumbed to a kobold's poison

Illustrated notes

Levels and vault maps discovered:
D:1:      amcnicky_arrival_wind_blow, layout_loops_ring,
          shapermc_ecumenical_altar_flowoftime, nrook_mini_vaults,
          chequers_serial_rivers_small_b
D:2:      layout_loops_corners, basic_altar, uniq_robin

Action                   || total
-------------------------++-------
Melee: Staff             ||    32
       Unarmed           ||    19
       Hand axe          ||    53
       Punch             ||     1
 Cast: Pain              ||     5
 Stab: Sleeping          ||     2
Armor: Robe              ||    68
Dodge: Dodged            ||    60
